AoeStats
← sovietdurak

Nomad

509528206Analyzed
4v4 RM · 5d ago on Sep 27, 2026· 43m 14s· 8 players
Game mode
Random Map
Map size
231×231
Population
200
Speed
Normal
Resources
Standard
Victory
Conquest
Starting age
Dark Age
Ending age
Imperial Age
RankedLock teamsTeams togetherTeam positionsShared explorationLock speedFull tech treeHidden civsTurbo modeCheats
Victory
Defeat
🇹🇼 Bulgarians · Taiwan
1307
+14
🇵🇪 Cumans · Peru
1290
+15
1240
+17
🇺🇸 Hindustanis · United States
1230
+16
🇲🇽 Burgundians · Mexico
1276
-16
🇮🇳 Maya · India
1270
-16
🇺🇸 Vikings · United States
1270
-16
🇺🇸 Khmer · United States
1229
-14
sovietdurak
5:59 Loom
14:10 Feudal Age
14:54 Town Watch
19:13 Castle Age
19:20 Forging
19:03 Fletching
20:02 Double-Bit Axe
27:40 Bodkin Arrow
29:52 Scale Mail Armor
30:02 Forging
32:54 Iron Casting
33:22 Chain Mail Armor
32:52 Pikeman
33:33 Squires
39:30 Imperial Age
37:40 Murder Holes
38:06 Ballistics
39:03 Arson
40:33 Conscription
40:45 Bracer
OLD_SAINT_DICK
5:10 Loom
14:42 Feudal Age
18:01 Castle Age
15:56 Double-Bit Axe
17:47 Fishing Lines
18:57 Bow Saw
19:01 Gillnets
19:55 Town Watch
20:46 Wheelbarrow
21:00 Horse Collar
21:51 Medium Warships
22:38 Husbandry
22:40 Gold Mining
24:17 Bloodlines
25:01 Heavy Plow
28:28 Scale Barding Armor
28:14 Fletching
28:34 Forging
31:58 Chain Barding Armor
32:14 Iron Casting
34:29 Iron Casting
34:13 Hand Cart
42:00 Bodkin Arrow
43:01 Ballistics
maharaja2020
3:37 Loom
14:46 Feudal Age
21:18 Castle Age
21:31 Double-Bit Axe
22:29 Bow Saw
26:38 Horse Collar
33:31 Fletching
34:09 Bodkin Arrow
34:06 Crossbowman
38:58 Wheelbarrow
42:23 Imperial Age
40:57 Ballistics
40:52 Thumb Ring
sHinsHim
5:05 Loom
15:54 Feudal Age
17:56 Fletching
21:57 Castle Age
20:08 Double-Bit Axe
21:30 Bow Saw
22:07 Gold Mining
22:49 Medium Warships
22:36 Bodkin Arrow
22:42 Town Watch
26:15 Forging
27:15 Two-Man Saw
28:32 Iron Casting
29:16 Ballistics
33:40 Careening
38:23 Scale Barding Armor
39:56 Chain Barding Armor
DroppingKnowLedge SOuUU! ツ
15:34 Feudal Age
22:00 Castle Age
21:43 Loom
22:38 Wheelbarrow
24:46 Double-Bit Axe
24:47 Horse Collar
26:22 Bow Saw
27:05 Town Watch
27:32 Heavy Plow
27:38 Gold Mining
28:51 Hand Cart
29:12 Scale Mail Armor
29:27 Forging
29:47 Pikeman
30:27 Squires
30:14 Gambesons
30:25 Arson
30:34 Man-at-Arms
32:05 Stone Mining
32:16 Long Swordsman
34:20 Iron Casting
34:00 Chain Mail Armor
33:36 Fletching
34:38 Stone Shaft Mining
35:37 Bodkin Arrow
37:30 Town Patrol
40:48 Imperial Age
42:03 Crop Rotation
42:38 Two-Man Saw
41:05 Elite Teutonic Knight
42:20 Hoardings
42:09 Conscription
43:09 Plate Mail Armor
43:39 Conscription
TEX
9:48 Loom
12:10 Feudal Age
14:57 Double-Bit Axe
24:47 Castle Age
23:37 Bloodlines
23:23 Fletching
23:42 Scale Barding Armor
24:18 Forging
24:08 Gold Mining
24:07 Horse Collar
25:55 Chain Barding Armor
28:54 Light Cavalry
35:51 Iron Casting
40:21 Imperial Age
40:26 Cavalier
Murdock
3:43 Loom
13:17 Feudal Age
14:18 Double-Bit Axe
15:38 Fletching
18:48 Stone Mining
26:24 Castle Age
24:33 Gold Mining
24:30 Town Watch
24:51 Horse Collar
26:14 Scale Mail Armor
26:24 Forging
26:58 Wheelbarrow
27:27 Bow Saw
27:20 Heavy Plow
33:21 Bodkin Arrow
34:50 Chain Mail Armor
36:30 Iron Casting
39:41 Grand Trunk Road
43:29 Imperial Age
41:28 Hand Cart
43:34 Town Patrol
murphykz2322
3:32 Loom
15:04 Feudal Age
15:52 Double-Bit Axe
19:12 Castle Age
17:35 Fishing Lines
20:09 Bow Saw
20:40 Medium Warships
20:49 Town Watch
24:08 Wheelbarrow
25:32 Clinker Construction
24:53 Demolition Ship
25:39 Fletching
26:24 Careening
26:41 Gold Mining
27:14 Bodkin Arrow
28:46 Hand Cart
29:02 Ballistics
29:02 Scale Barding Armor
29:07 Forging
30:13 Chain Barding Armor
30:28 Iron Casting
29:54 Stone Mining
30:56 Husbandry
31:06 Bloodlines
30:59 Light Cavalry
37:00 Imperial Age
34:27 Stirrups
36:43 Scale Mail Armor
37:25 Chain Mail Armor
37:04 Hussar
38:21 Plate Barding Armor
38:46 Blast Furnace
38:41 Conscription
39:05 Stone Shaft Mining
39:15 Gold Shaft Mining
38:21 Horse Collar
39:31 Plate Mail Armor
39:01 Elite Konnik
39:03 Capped Ram
39:56 Siege Ram
41:56 Bracer
43:44 Chemistry
42:49 Siege Engineers
Connection lost

Rejoining the realm…

Still unreachable

The connection could not be restored.

Session expired

The server has moved on; the page needs a fresh start.